 Dungeon Crawl Stone Soup version 0.21-a0-70-g32e1473 (webtiles) character file.

217474 xgamer67 the Peltast (level 20, -1/156 HPs)
             Began as a Human Monk on June 18, 2017.
             Was the Champion of Okawaru.
             Slain by an anaconda (6 damage)
             ... on level 4 of the Snake Pit.
             The game lasted 01:52:02 (42803 turns).

xgamer67 the Peltast (Human Monk)                  Turns: 42803, Time: 01:52:03

Health: -1/156     AC: 24    Str: 20    XL:     20   Next: 26%
Magic:  0/28       EV: 30    Int:  8    God:    Okawaru [******]
Gold:   228        SH: 25    Dex: 19    Spells: 3/19 levels left

rFire    . . .     SeeInvis +   a - +8 long sword of Division {elec, +Blink rPois}
rCold    . . .     Gourm    .   w - +5 shield of Impermeability {Int+2}
rNeg     + + +     Faith    .   D - +3 scale mail
rPois    .         Spirit   +   g - +1 helmet {SInv}
rElec    +         Reflect  +   Z - scarf {Spirit}
rCorr    .         Harm     .   e - +2 pair of gloves {Str+3}
MR       +....                  P - +2 pair of boots
Stlth    +.........             A - +4 amulet of reflection
HPRegen  0.36/turn              v - ring "Qicrotaa" {rElec rPois rN+++ Int-5 Stlth-}
MPRegen  0.21/turn              T - +5 ring of evasion

@: heroism, poison vulnerable, slowed, very slow
A: no striking features
a: Heroism, Finesse, Renounce Religion, Evoke Blink


You were on level 4 of the Snake Pit.
You worshipped Okawaru.
Okawaru was exalted by your worship.
You were not hungry.

You visited 4 branches of the dungeon, and saw 27 of its levels.

You collected 3070 gold pieces.
You spent 2842 gold pieces at shops.

Inventory:

Hand Weapons
 a - the +8 long sword of Division (weapon) {elec, +Blink rPois}
   (You found it on level 14 of the Dungeon)

   Occasionally, upon striking a foe, it will discharge some electrical energy
   and cause terrible harm.
   It protects you from poison.
   It lets you blink.
 b - a +5 scimitar of flaming
 R - a +0 double sword
 Y - a +2 scimitar of electrocution
Missiles
 j - 7 throwing nets (quivered)
Armour
 e - a +2 pair of gloves of strength (worn)
 g - a +1 helmet of see invisible (worn)
 w - the +5 shield of Impermeability (worn) {Int+2}
   (You acquired it on level 9 of the Dungeon)

   It affects your intelligence (+2).
 D - a +3 scale mail (worn)
 P - a +2 pair of boots (worn)
 Z - a scarf of spirit shield (worn)
Jewellery
 v - the ring "Qicrotaa" (left hand) {rElec rPois rN+++ Int-5 Stlth-}
   (You found it on level 15 of the Dungeon)

   [ring of loudness]

   It affects your intelligence (-5).
   It insulates you from electricity.
   It protects you from poison.
   It renders you almost immune to negative energy.
   It makes you less stealthy.
 x - an uncursed ring of flight
 A - a +4 amulet of reflection (around neck)
 E - an uncursed ring of protection from fire
 K - the ring of Sif Muna's Benevolence {rCorr Str+3}
   (You found it on level 15 of the Dungeon)

   [ring of resist corrosion]

   It affects your strength (+3).
 M - the ring of Waorr {rC+ MR++ MP+9}
   (You found it on level 15 of the Dungeon)

   [ring of protection from cold]

   It protects you from cold.
   It affects your resistance to hostile enchantments.
   It affects your magic capacity (+9).
 T - a +5 ring of evasion (right hand)
Wands
 p - a wand of paralysis (17/24)
 r - a wand of digging (13/24)
 y - a wand of scattershot (3/9)
 L - a wand of acid (9/15)
 N - a wand of polymorph (2/24)
 Q - a wand of clouds (5/9)
 W - a wand of iceblast (4/15)
Scrolls
 k - 4 scrolls of magic mapping
 m - 10 scrolls of teleportation
 s - 6 scrolls of remove curse
 z - a scroll of fear
 B - 3 scrolls of recharging
 J - 2 scrolls of identify
 U - 4 scrolls of blinking
 X - 3 scrolls of fog
Potions
 f - 5 potions of might
 h - 6 potions of curing
 i - 4 potions of brilliance
 o - 3 potions of berserk rage
 t - 2 potions of cancellation
 u - a potion of magic
 C - a potion of resistance
 F - 8 potions of heal wounds
 G - 4 potions of haste
 H - a potion of mutation
 I - 3 potions of agility
Miscellaneous
 l - a lamp of fire
 O - a phantom mirror
 S - a box of beasts
 V - a sack of spiders
Comestibles
 c - 14 bread rations
 d - 8 royal jellies
 q - 11 meat rations


   Skills:
 - Level 13.0(18.0) Fighting
 - Level 14.0(19.0) Long Blades
 + Level 14.1(19.1) Armour
 - Level 14.0(19.0) Dodging
 - Level 2.0(7.0) Stealth
 - Level 15.0(20.0) Shields
 - Level 11.0 Invocations
 + Level 7.7 Evocations


You had 3 spell levels left.
You knew the following spells:

 Your Spells              Type           Power        Failure   Level  Hunger
a - Static Discharge      Conj/Air       #.......     94%         3    ####...
b - Airstrike             Air            #.........   100%        4    #####..
e - Conjure Flame         Conj/Fire      #.......     94%         3    ####...
f - Swiftness             Chrm/Air       #.......     77%         2    ###....
g - Passwall              Tmut/Erth      #.........   77%         2    ###....
h - Blink                 Tloc           N/A          77%         2    ###....


Dungeon Overview and Level Annotations

Branches:
Dungeon (15/15)            Temple (0/1) D:7            Lair (6/6) D:10
 Shoals (0/4) Lair:3        Snake (4/4) Lair:4        Slime (0/5) Lair:6
    Orc (2/2) D:9             Elf (0/3) Orc:2        Vaults (0/5) D:14
 Depths (0/5) D:15

Altars:
Ashenzari
Dithmenos
Hepliaklqana
Kikubaaqudgha
Makhleb
Nemelex Xobeh
Okawaru
Ru
Sif Muna
Vehumet
Xom
Yredelemnul
Jiyva

Shops:
D:14 *   Orc:2 *:([   Snake:3 !}==

Annotations:
D:9 exclusion: ice statue
Lair:6 1 runed door


Message History

Okay, then.
You feel better.
The naga warrior shouts!
You block the black mamba's attack.
You block the guardian serpent's attack.
The black mamba barely misses you. You block the black mamba's attack.
The anaconda barely misses you. You block the anaconda's attack.
The black mamba misses you. The guardian serpent misses you.
You riposte.
An anaconda comes into view.
The anaconda hisses angrily.
The black mamba hisses angrily.
You hit the guardian serpent but do no damage.
You block the black mamba's attack. The black mamba barely misses you.
The naga warrior drinks a potion.
The naga warrior suddenly seems more resistant.
The naga sharpshooter casts a spell.
The naga sharpshooter magically shoots an arrow.
The arrow hits you!
* * * LOW HITPOINT WARNING * * *
The anaconda closely misses you. The anaconda bites you!
You die...

#....##,,S,,,,,,,,##..##.#.......
#.....#,,SSNN,,,,,#...#..#.......
#.....##,N.SS,,,,##...#..#.......
#...)..###.NNN,**#....#.##.......
#........##NNN####....###........
.........#...N...##..............
.........##...N...##.............
..........####.SS..##............
.............###@...#............
.......########SSS..#...#'######.
.....###........†..##..##......##
....##...........###...#........#
....#....#########.....#........#
....#...))......##.....#.......##
....##...........#.....##......##
.....#######(....##÷...#........#
%.........(......))÷...'........#


You could see a naga warrior, 2 nagarajas, a naga sharpshooter, 2 anacondas, 2
naga ritualists, 2 guardian serpents, 5 black mambas, a naga mage and 4 nagas.

Vanquished Creatures
  Gastronok (Lair:3)
  Roxanne (Snake:4)
  A storm dragon (D:15)
  Donald (Orc:1)
  5 nagarajas
  An orc warlord (Orc:1)
  A yaktaur captain (D:15)
  Snorg (Lair:3)
  3 ettins (D:15)
  5 ogre magi
  8 vault guards
  15 naga warriors
  8 centaur warriors
  6 hydras
  Erica (D:8)
  A catoblepas (D:14)
  4 dancing weapons (D:14)
  21 two-headed ogres
  15 anacondas
  A deep troll shaman (D:15)
  Urug (D:11)
  A deep troll earth mage (D:15)
  4 tengu warriors (D:15)
  An orc high priest (Orc:1)
  16 naga sharpshooters
  4 shock serpents
  Nergalle (Lair:3)
  A skeletal warrior (D:15)
  3 salamander mystics
  2 unseen horrors
  A wizard (D:14)
  2 deep trolls (Orc:1)
  A lindwurm (Lair:6)
  A deep elf archer (D:14)
  21 ugly things
  5 naga ritualists
  An oklob plant (Lair:4)
  11 mana vipers
  3 orc knights
  2 orc sorcerers
  2 wolf spider zombies
  2 deep elf magi
  5 cyclopes
  10 salamanders
  Maurice (D:8)
  5 manticores
  40 black mambas
  2 centaur zombies (D:15)
  10 guardian serpents
  12 naga magi
  7 elephants (Lair:6)
  8 spiny frogs
  5 centaur skeletons
  A gargoyle (D:13)
  3 rime drakes
  9 komodo dragons
  An efreet (D:15)
  2 freezing wraiths
  2 tengu conjurers (D:15)
  11 trolls
  A meliai (D:15)
  3 polar bears (Lair:6)
  7 hornets
  11 hippogriffs
  9 blink frogs
  6 slime creatures
  8 dream sheep (Lair:6)
  A meliai zombie (D:15)
  Sigmund (D:3)
  3 shadows
  4 wyverns
  3 vampires
  15 spriggans
  A wraith (D:13)
  A human (D:14)
  23 yaks
  5 basilisks
  A vampire mosquito (D:15)
  3 hungry ghosts
  2 wargs (Orc:1)
  11 insubstantial wisps (D:14)
  59 nagas
  Menkaure (D:7)
  7 water moccasins
  4 acid dragons
  2 soldier ants
  10 porcupines
  4 floating eyes (D:15)
  2 hornet zombies (D:14)
  A meliai simulacrum (D:14)
  20 orc warriors
  6 sky beasts
  2 necrophages
  6 ice beasts
  5 black bears
  5 phantoms
  27 ogres
  8 boggarts
  8 centaurs
  24 wolves
  3 crocodiles
  3 big kobolds
  16 bullfrogs
  2 wyvern zombies
  3 scorpions
  5 killer bees (D:13)
  20 wights
  2 howler monkeys
  6 crimson imps
  3 bullfrog zombies
  6 hounds
  A quasit (D:15)
  13 orc priests
  5 jellies
  26 orc wizards
  2 bullfrog skeletons
  11 worker ants
  6 iguanas
  3 hound skeletons
  3 worker ant zombies
  4 gnolls (D:7)
  9 adders
  A shadow imp (D:10)
  A white imp (D:9)
  An ooze (D:6)
  2 adder zombies
  4 adder skeletons
  3 worms
  2 dart slugs
  10 leopard geckos
  97 orcs
  A bat zombie (D:2)
  7 giant cockroaches
  7 goblins
  6 hobgoblins
  11 jackals
  10 quokkas
  4 ball pythons
  A ball python skeleton (D:2)
  A ball python zombie (D:2)
  7 bats
  5 frilled lizards
  3 giant cockroach zombies (D:2)
  A jackal skeleton (D:5)
  2 jackal zombies
  17 kobolds
  A leopard gecko skeleton (D:6)
  4 quokka zombies
  7 rats
1008 creatures vanquished.

Vanquished Creatures (others)
  Sonja (D:13)
  4 naga sharpshooters
  A black mamba (Snake:4)
  2 yaktaurs
  7 centaurs (D:13)
  An adder (Snake:2)
  7 ball lightnings (D:14)
  2 bushes
  14 fungi
  4 plants
43 creatures vanquished.

Grand Total: 1051 creatures vanquished

Notes
Turn   | Place    | Note
-------+----------+-------------------------------------------
     0 | D:1      | xgamer67 the Human Monk began the quest for the Orb.
     0 | D:1      | Reached XP level 1. HP: 18/18 MP: 1/1
   326 | D:1      | Reached XP level 2. HP: 23/24 MP: 2/2
  1020 | D:2      | Reached XP level 3. HP: 29/30 MP: 3/3
  1189 | D:2      | Found an iron altar of Okawaru.
  1195 | D:2      | Became a worshipper of Warmaster Okawaru
  1195 | D:2      | Reached * piety under Okawaru
  1195 | D:2      | Reached ** piety under Okawaru
  1208 | D:2      | Found an ancient bone altar of Kikubaaqudgha.
  1442 | D:2      | Found a faded altar of an unknown god.
  1476 | D:2      | Reached skill level 1 in Armour
  1857 | D:2      | Reached XP level 4. HP: 30/37 MP: 4/4
  2271 | D:3      | Noticed Sigmund
  2346 | D:3      | Reached XP level 5. HP: 34/42 MP: 5/5
  3473 | D:4      | Reached XP level 6. HP: 36/48 MP: 6/6
  3784 | D:4      | Found a hazy altar of Hepliaklqana.
  3807 | D:4      | Found a radiant altar of Vehumet.
  3814 | D:4      | Reached skill level 5 in Long Blades
  3857 | D:4      | Found a shattered altar of Ashenzari.
  4209 | D:4      | Noticed a black bear
  4326 | D:4      | Noticed a sky beast
  4356 | D:4      | Killed a sky beast
  4356 | D:4      | Reached skill level 1 in Shields
  4356 | D:4      | Reached XP level 7. HP: 47/54 MP: 7/7
  4360 | D:4      | Learned a level 2 spell: Blink
  4363 | D:4      | Learned a level 2 spell: Call Imp
  4504 | D:4      | Reached skill level 2 in Shields
  4808 | D:5      | Entered Level 5 of the Dungeon
  5135 | D:5      | Reached *** piety under Okawaru
  5861 | D:5      | Reached XP level 8. HP: 60/60 MP: 8/8
  6112 | D:5      | Reached skill level 3 in Shields
  6583 | D:6      | Reached skill level 1 in Invocations
  6818 | D:5      | Reached skill level 4 in Shields
  7335 | D:6      | Got an ichor-stained mace {crush}
  7336 | D:6      | Identified the +7 mace of the Many Lovers {crush, rF++ rC- MR+} (You took it off a kobold on level 6 of the Dungeon)
  7636 | D:6      | Reached skill level 5 in Invocations
  7856 | D:6      | Reached **** piety under Okawaru
  7856 | D:6      | Reached XP level 9. HP: 25/65 MP: 12/12
  8889 | D:7      | Noticed Menkaure
  9375 | D:8      | Reached skill level 10 in Long Blades
  9549 | D:8      | Noticed a two-headed ogre
  9568 | D:8      | Killed a two-headed ogre
  9568 | D:8      | Reached ***** piety under Okawaru
  9568 | D:8      | Reached XP level 10. HP: 24/71 MP: 11/13
 10275 | D:8      | Noticed Maurice
 10710 | D:7      | Found a staircase to the Ecumenical Temple.
 10780 | D:7      | Found a sacrificial altar of Ru.
 11605 | D:7      | Killed Menkaure
 12121 | D:8      | Noticed a two-headed ogre
 12172 | D:9      | Paralysed by a hornet for 1 turns
 12181 | D:9      | Paralysed by a hornet for 1 turns
 12196 | D:9      | Received a gift from Okawaru
 12590 | D:9      | Noticed a two-headed ogre
 12599 | D:10     | Entered Level 10 of the Dungeon
 12632 | D:10     | Noticed a two-headed ogre
 12953 | D:10     | HP: 2/71 [troll (4)]
 13355 | D:8      | Reached XP level 11. HP: 69/77 MP: 14/14
 13432 | D:8      | Found a sparkling altar of Nemelex Xobeh.
 13434 | D:8      | Found a deep blue altar of Sif Muna.
 13435 | D:8      | Found an iron altar of Okawaru.
 13457 | D:8      | Noticed Erica
 13475 | D:8      | Killed Erica
 13550 | D:8      | Found a shadowy altar of Dithmenos.
 13696 | D:8      | Found a basalt altar of Yredelemnul.
 13878 | D:8      | Found a burning altar of Makhleb.
 13936 | D:8      | Killed Maurice
 14224 | D:3      | Killed Sigmund
 14368 | D:9      | Killed a two-headed ogre
 14670 | D:9      | Reached skill level 5 in Armour
 14743 | D:9      | Found a radiant altar of Vehumet.
 14839 | D:9      | Identified a scroll of acquirement
 14840 | D:9      | Got a slimy shield
 14851 | D:9      | Identified the +5 shield of Impermeability {Int+2} (You acquired it on level 9 of the Dungeon)
 14943 | D:9      | Reached skill level 5 in Dodging
 14988 | D:9      | Learned a level 2 spell: Passwall
 14993 | D:9      | Learned a level 3 spell: Conjure Flame
 15133 | D:9      | Noticed a two-headed ogre
 15152 | D:9      | Killed a two-headed ogre
 15152 | D:9      | Reached skill level 5 in Shields
 15405 | D:9      | Found a staircase to the Orcish Mines.
 15649 | D:10     | Killed a two-headed ogre
 15962 | D:10     | Reached skill level 6 in Shields
 16243 | D:10     | Found a staircase to the Lair.
 16501 | D:11     | Reached XP level 12. HP: 83/83 MP: 16/16
 16603 | D:11     | Noticed Urug
 16643 | D:11     | Killed Urug
 16882 | D:11     | Killed an unseen horror
 17157 | D:11     | Reached skill level 7 in Shields
 17661 | D:11     | Reached skill level 8 in Shields
 18074 | D:12     | Received a gift from Okawaru
 18075 | D:12     | Got a heavily runed helmet {god gift}
 18086 | D:12     | Identified the +0 helmet of Fallacy {rC+ rN+} (Okawaru gifted it to you on level 12 of the Dungeon)
 18123 | D:12     | Reached ****** piety under Okawaru
 18123 | D:12     | Reached skill level 9 in Shields
 18369 | D:12     | Noticed a two-headed ogre
 18386 | D:12     | Killed a two-headed ogre
 18577 | D:12     | Reached skill level 10 in Shields
 18964 | Lair:1   | Entered Level 1 of the Lair of Beasts
 19363 | Lair:1   | Reached XP level 13. HP: 86/88 MP: 19/19
 19738 | Lair:2   | Reached skill level 11 in Shields
 20391 | Lair:3   | Noticed Gastronok
 20420 | Lair:3   | Killed Gastronok
 20420 | Lair:3   | Reached skill level 12 in Shields
 20479 | Lair:3   | Noticed Snorg
 20492 | Lair:3   | Killed Snorg
 20516 | Lair:3   | Found a staircase to the Shoals.
 20826 | Lair:3   | Reached skill level 13 in Shields
 20897 | Lair:3   | Noticed Nergalle
 20927 | Lair:3   | Killed Nergalle
 21073 | Lair:3   | Received a gift from Okawaru
 22101 | Lair:4   | Found a staircase to the Snake Pit.
 22147 | Lair:4   | Reached skill level 14 in Shields
 23187 | Lair:5   | Noticed an eight-headed hydra
 23194 | Lair:5   | Killed a five-headed hydra
 23194 | Lair:5   | Reached XP level 14. HP: 78/95 MP: 17/20
 23981 | Lair:6   | Entered Level 6 of the Lair of Beasts
 24067 | Lair:6   | Received a gift from Okawaru
 24250 | Lair:6   | Reached skill level 15 in Shields
 24336 | Lair:6   | Reached skill level 5 in Fighting
 24392 | Lair:6   | Paralysed by a hornet for 3 turns
 25482 | Lair:6   | Found a runed door.
 25483 | Lair:6   | Found a viscous altar of Jiyva.
 25484 | Lair:6   | Noticed an acid blob
 25485 | Lair:6   | Noticed an acid blob
 25485 | Lair:6   | Found a staircase to the Slime Pits.
 26069 | Lair:1   | Reached skill level 10 in Fighting
 26383 | D:13     | Reached XP level 15. HP: 80/115 MP: 21/21
 26967 | D:13     | Received a gift from Okawaru
 26977 | D:13     | Noticed Sonja
 27014 | D:13     | Killed Sonja
 27765 | D:14     | Found Aneogih's General Store.
 28088 | D:14     | Reached skill level 1 in Evocations
 28128 | D:14     | Received a gift from Okawaru
 28350 | D:14     | Found a gate to the Vaults.
 28591 | D:14     | Found a large runed door.
 28591 | D:14     | Found a large runed door.
 28807 | D:14     | Reached skill level 5 in Evocations
 28847 | D:14     | Got an encrusted long sword
 28848 | D:14     | Identified the +8 long sword of Division {elec, +Blink rPois} (You found it on level 14 of the Dungeon)
 28919 | D:14     | Received a gift from Okawaru
 29824 | D:15     | Entered Level 15 of the Dungeon
 29883 | D:15     | Reached XP level 16. HP: 97/122 MP: 17/23
 30065 | D:15     | Reached skill level 10 in Invocations
 30312 | D:15     | Paralysed by a floating eye for 3 turns
 30563 | D:15     | Paralysed by a floating eye for 3 turns
 30646 | D:15     | Received a gift from Okawaru
 30811 | D:15     | Noticed a storm dragon
 30838 | D:15     | Killed a storm dragon
 31104 | D:15     | Got a flickering turquoise ring
 31106 | D:15     | Identified the ring of Waorr {rC+ MR++ MP+9} (You found it on level 15 of the Dungeon)
 31160 | D:15     | Paralysed by a floating eye for 2 turns
 31172 | D:15     | Received a gift from Okawaru
 31327 | D:15     | Found a shattered altar of Ashenzari.
 31432 | D:15     | Got a pitted turquoise ring
 31434 | D:15     | Identified the ring of Sif Muna's Benevolence {rCorr Str+3} (You found it on level 15 of the Dungeon)
 31553 | D:15     | Found a shimmering altar of Xom.
 31591 | D:15     | Got a coiled ivory ring
 31595 | D:15     | Identified the ring "Qicrotaa" {rElec rPois rN+++ Int-5 Stlth-} (You found it on level 15 of the Dungeon)
 31671 | D:15     | Found a radiant altar of Vehumet.
 31695 | D:15     | Learned a level 2 spell: Swiftness
 31699 | D:15     | Learned a level 3 spell: Static Discharge
 31740 | D:15     | Found a staircase to the Depths.
 31867 | D:15     | Reached skill level 10 in Armour
 32143 | Orc:1    | Entered Level 1 of the Orcish Mines
 32720 | Orc:1    | Reached XP level 17. HP: 133/133 MP: 25/25
 33332 | Orc:2    | Entered Level 2 of the Orcish Mines
 33332 | Orc:2    | Noticed Donald
 33354 | Orc:1    | Killed Donald
 33902 | Orc:1    | Received a gift from Okawaru
 33903 | Orc:1    | Got a crystal double sword {god gift}
 33904 | Orc:1    | Identified the +4 double sword of the Unspeakable One {protect, Str+3} (Okawaru gifted it to you on level 1 of the Orcish Mines)
 34269 | Orc:2    | Found Byosol's Antique Armour Emporium.
 34317 | Orc:2    | Found Vakoquzika's Weapon Shop.
 34322 | Orc:2    | Found Ejoapn's Book Shoppe.
 34323 | Orc:2    | Found Fowk's Assorted Antiques.
 34370 | Orc:2    | Found a staircase to the Elven Halls.
 34411 | Orc:2    | Bought a scroll labeled JUETSOJ OSTEMP for 29 gold pieces
 35056 | Snake:1  | Entered Level 1 of the Snake Pit
 36003 | Snake:1  | Received a gift from Okawaru
 36917 | Snake:2  | Reached skill level 10 in Dodging
 37027 | Snake:2  | Found a shimmering altar of Xom.
 37098 | Snake:2  | Reached XP level 18. HP: 42/143 MP: 8/26
 37960 | Snake:2  | Received a gift from Okawaru
 37961 | Snake:2  | Got an encrusted long sword {god gift}
 37962 | Snake:2  | Identified the +6 long sword "Ulasoin Dywk" {flame, MR+} (Okawaru gifted it to you on level 2 of the Snake Pit)
 38267 | Snake:2  | Learned a level 4 spell: Airstrike
 39545 | Snake:3  | Found Houmeit's Distillery.
 39549 | Snake:3  | Bought 2 potions of heal wounds for 170 gold pieces
 39549 | Snake:3  | Bought a potion of haste for 170 gold pieces
 39549 | Snake:3  | Bought a potion of resistance for 170 gold pieces
 39549 | Snake:3  | Bought a potion of heal wounds for 85 gold pieces
 39549 | Snake:3  | Bought a potion of curing for 51 gold pieces
 39549 | Snake:3  | Bought a potion of heal wounds for 85 gold pieces
 39549 | Snake:3  | Bought 2 potions of berserk rage for 170 gold pieces
 39549 | Snake:3  | Bought a potion of heal wounds for 85 gold pieces
 39549 | Snake:3  | Bought a potion of heal wounds for 85 gold pieces
 39549 | Snake:3  | Bought a potion of agility for 68 gold pieces
 39687 | Snake:3  | Found Focuf's Jewellery Emporium.
 39698 | Snake:3  | Bought a cursed ring of teleportation for 54 gold pieces
 39863 | Snake:3  | Received a gift from Okawaru
 40040 | Snake:3  | Found Qoyf's Jewellery Shop.
 40171 | Snake:3  | Found Refuwn's Gadget Boutique.
 40175 | Snake:3  | Bought a lamp of fire for 680 gold pieces
 40275 | Snake:3  | Found Litaonuth's Distillery.
 40595 | Snake:3  | Bought a potion of experience for 600 gold pieces
 40595 | Snake:3  | Reached XP level 19. HP: 149/149 MP: 27/27
 40625 | Snake:3  | Bought a sack of spiders for 340 gold pieces
 40636 | Snake:4  | Entered Level 4 of the Snake Pit
 40641 | Snake:4  | Received a gift from Okawaru
 41086 | Snake:4  | Noticed Roxanne
 41346 | Snake:4  | Killed Roxanne
 41686 | Snake:4  | Reached XP level 20. HP: 156/156 MP: 28/28
 42803 | Snake:4  | HP: 5/156 [naga sharpshooter/arrow (11)]
 42803 | Snake:4  | Slain by an anaconda

Vault maps used:
D:1:      minmay_arrival_three_doors, minmay_misc_feat_room
D:2:      kiku_gazebo_pond_becter, serial_undead, serial_undead_e,
          serial_undead_e, serial_undead_a, serial_undead_d, serial_undead_e,
          serial_undead_c, serial_undead_f, serial_undead_a, serial_undead_a,
          serial_undead_f, chequers_ecumenical_altar_simple, okawaru_gym_becter
D:3:      first_bread, uniq_sigmund
D:4:      nicolae_overflow_hidden_temple, kennysheep_little_box, hex_tiny,
          st_stairs_6, vehumet_altar_wand_db
D:6:      minmay_misc_feat_encased, minmay_unpleasant_kobolds
D:7:      nicolae_ru_sacrificial_ziggurat, temple_statues, uniq_menkaure
D:8:      makhleb_heckhound_becter, grunt_dithmenos_shadows,
          gammafunk_temple_overflow_forgotten, kennysheep_mini_moat, uniq_erica,
          uniq_maurice
D:9:      lemuel_round_altar, hiddenorc1_lemuel, hangedman_pestilent_swarm,
          minivault_15, minmay_fire_ice_demons
D:10:     david_lair_shrubbed
D:11:     uniq_urug
D:13:     hangedman_arrow_trap, uniq_sonja
D:14:     doesnt_quadruple_sword, grunt_vaults_entry_fortified, minivault_24,
          serial_shops, nicolae_shop_temple_entry_statues_fountains,
          aerie_lemuel
D:15:     hangedman_spin_cycle
Lair:3:   minmay_shoals_entry_beasts, beast_lair_carwin_11, uniq_nergalle,
          uniq_gastronok, uniq_snorg
Lair:4:   minmay_snake_entry_guardpost_small, grunt_megastairs_4
Lair:6:   minmay_lair_end_enchanted_forest, slime_altar_2
Snake:2:  basic_altar, hangedman_snake_corridor_cut
Snake:3:  serial_shops, nicolae_shop_statue_plus, shop, shop, shop, shop_statue,
          nrook_loot_triangle
Snake:4:  grunt_snake_rune_serpentine_throne, serial_bayou_pond_e, st_stairs_14,
          lemuel_fruit_tree, uniq_roxanne
Orc:2:    st_orc_open, uniq_donald

Skill      XL: |  1  2  3  4  5  6  7  8  9 10 11 12 13 14 15 16 17 18 19 20 |
---------------+-------------------------------------------------------------+-----
Fighting       | 4 10 12 13 | 13.0
Armour         | 1 2 3 5 8 10 12 13 14 | 14.1
Long Blades    | 4 5 6 7 11 13 14 | 14.0
Shields        | 1 2 4 6 10 14 15 | 15.0
Invocations    | 5 6 8 9 11 | 11.0
Dodging        | 5 8 10 14 | 14.0
Evocations     | 5 6 7 |  7.7
Stealth        | |  2.0

Action                   |  1- 3 |  4- 6 |  7- 9 | 10-12 | 13-15 | 16-18 | 19-21 || total
-------------------------+-------+-------+-------+-------+-------+-------+-------++-------
Melee: Falchion          |   121 |   252 |   583 |   343 |       |       |       ||  1299
       Mace              |       |       |     7 |       |       |       |       ||     7
       Scimitar          |       |       |       |   615 |  1114 |       |       ||  1729
       Unarmed           |       |       |       |       |     4 |       |       ||     4
       Long sword        |       |       |       |       |   156 |  1332 |   321 ||  1809
       Double sword      |       |       |       |       |       |   222 |       ||   222
Throw: Stone             |       |       |     5 |       |       |       |       ||     5
Invok: Heroism           |       |       |     2 |    19 |    12 |     8 |     2 ||    43
       Finesse           |       |       |       |       |       |     1 |       ||     1
Evoke: Wand              |       |       |     5 |     4 |     1 |     3 |       ||    13
  Use: Potion            |     1 |       |     1 |     4 |       |     1 |     1 ||     8
       Scroll            |       |     7 |     2 |    10 |     6 |    13 |     1 ||    39
 Stab: Sleeping          |     3 |     2 |       |       |       |       |       ||     5
       Distracted        |       |       |       |     1 |       |       |       ||     1
       Petrifying        |       |       |       |       |     2 |       |       ||     2
       Petrified         |       |       |       |       |     2 |       |       ||     2
  Eat: Chunk             |     3 |     9 |    15 |    29 |    28 |    28 |     5 ||   117
       Fruit             |       |       |     2 |       |     3 |     1 |       ||     6
       Royal jelly       |       |       |       |     2 |     2 |     4 |     1 ||     9
Armor: Robe              |    10 |       |       |       |       |       |       ||    10
       Ring mail         |    21 |    52 |       |       |       |       |       ||    73
       Scale mail        |       |    52 |   213 |   219 |   166 |   182 |    38 ||   870
       Skin              |       |       |     5 |       |     7 |       |       ||    12
Dodge: Dodged            |    85 |   146 |   191 |   244 |   292 |   610 |   159 ||  1727
Block: Buckler           |       |     3 |    98 |    64 |       |       |       ||   165
       Shield            |       |       |       |   259 |   975 |  1694 |   372 ||  3300
       Reflection        |       |       |       |     3 |    61 |   126 |    52 ||   242
       Rpst.: Falchion   |    31 |    44 |    60 |    30 |       |       |       ||   165
       Scimitar          |       |       |       |    33 |    53 |       |       ||    86
       Long sword        |       |       |       |       |     3 |    93 |    19 ||   115
       Double sword      |       |       |       |       |       |    11 |       ||    11
